 Dungeon Crawl Stone Soup version 0.27.0-1-g7a089689b8 (webtiles) character file.

Game seed: 5015359298249877471

12 shoop the Sneak (level 2, -4/25 HPs)
             Began as a Djinni Delver on Aug 7, 2021.
             Was an Initiate of Dithmenos.
             Slain by a necrophage (6 damage)
             ... on level 5 of the Dungeon.
             The game lasted 00:02:39 (707 turns).

shoop the Sneak (Djinni Delver)                      Turns: 707, Time: 00:02:40

Health: -4/25      AC:  3    Str: 11    XL:     2   Next: 45%
Gold:   22         EV: 12    Int: 11    God:    Dithmenos [......] SH:  0 Dex: 14

rFire    + + .     SeeInvis .   a - +0 falchion
rCold    x . .     Faith    .   (no shield)
rNeg     . . .     Spirit   .   b - +0 leather armour
rPois    ∞         Reflect  .   (no helmet)
rElec    .         Harm     .   (no cloak)
rCorr    .         Rampage  .   (no gloves)
Will     .....                  (boots unavailable)
Stlth    ++........             (no amulet)
HPRegen  0.08/turn              (no ring)
MPRegen  0.00/turn              (no ring)

@: flying
A: sickness immunity, fire resistance 2, cold vulnerability 1, float, innate
caster, hp casting, extra vitality 1
a: Renounce Religion


You were on level 5 of the Dungeon.
You worshipped Dithmenos.
Dithmenos was noncommittal.
You visited 1 branch of the dungeon, and saw 2 of its levels.

You collected 22 gold pieces.

Inventory:

Hand Weapons
 a - a +0 falchion (weapon)
 h - a +0 rapier
Armour
 b - a +0 leather armour (worn)
Wands
 g - a wand of digging (3)
Scrolls
 c - a scroll of fog
 d - a scroll of magic mapping
 e - a scroll of fear
Potions
 f - a potion of haste
 i - a potion of lignification {unknown}


   Skills:
 - Level 3.0 Fighting
 + Level 2.6 Long Blades
 - Level 2.1 Dodging
 - Level 4.1 Stealth


You had one spell level left.
You didn't know any spells.
Your spell library was empty.

Dungeon Overview and Level Annotations

Branches:
Dungeon (5/15)
 Temple: D:4-7

Altars:
Dithmenos
Qazlal


Innate Abilities, Weirdness & Mutations

You are immune to sickness and miasma.
You are immune to poison.
Your flesh is very heat resistant. (rF++)
You are vulnerable to cold. (rC-)
You float through the air rather than walking.
You learn spells naturally, not from books.
Your magical power is your life essence.
You have superior vitality. (+4 HP)


Message History

i - a fizzy green potion
There are no items here.
You reach down and open the door.
Found 31 gold pieces.
Found a shadowy altar of Dithmenos.
Found a stormy altar of Qazlal.
There is an open door here.
There is a shadowy altar of Dithmenos here.
You hover solemnly before the altar of Dithmenos.
Dithmenos welcomes you!
Found 13 gold pieces.
An orc comes into view. It is wielding a +2 mace of holy wrath.
You reach down and open the door.
A necrophage comes into view.
There is an open door here.
A bullfrog zombie comes into view.
There is an open door here.
You hit the necrophage.
The necrophage is lightly damaged.
The necrophage hits you.
You hit the necrophage.
The necrophage is lightly damaged.
The necrophage hits you. The necrophage closely misses you.
You hit the necrophage.
The necrophage is moderately damaged.
The necrophage hits you.
You hit the necrophage but do no damage.
The necrophage is lightly damaged.
The necrophage hits you!
* * * LOW HITPOINT WARNING * * *
You closely miss the necrophage.
The necrophage is lightly damaged.
The necrophage hits you.
* * * LOW HITPOINT WARNING * * *
You completely miss the necrophage.
The necrophage is lightly damaged.
The necrophage hits you but does no damage.
You hit the necrophage.
The necrophage is moderately damaged.
The necrophage closely misses you. The necrophage hits you.
You die...

..#.#.#...#8..8#
.........##....##
........##o....J# .#.#
.#......# #$$$$# #.#.# #.
.##.....##########.#. ...
.##..##.#⌠......⌠#..###.#.
........#.._.._..#........
.....#..#⌠......⌠#........
#.#.###.#.......@#........
≈≈≈..##.'########n........
≈≈≈≈..#..................Z
###≈≈.##########..........
'.#≈≈.# #..........
###≈≈## #..........
≈≈≈≈≈## #..........
≈≈≈≈≈.# ...########
###≈≈.# ....#


You could see a necrophage and an orc (asleep).

Vanquished Creatures
  An adder skeleton (D:4)
  3 orcs (D:5)
  2 endoplasms (D:4)
6 creatures vanquished.

Vanquished Creatures (others)
  4 fungi (D:5)
  8 toadstools (D:4)
12 creatures vanquished.

Grand Total: 18 creatures vanquished

Notes
Turn   | Place    | Note
-------+----------+-------------------------------------------
     0 | D:5      | shoop the Djinni Delver began the quest for the Orb.
     0 | D:5      | Reached XP level 1. HP: 20/20 MP: 0/0
     2 | D:4      | Noticed an orc wizard
    32 | D:4      | Reached XP level 2. HP: 6/25 MP: 0/0
   445 | D:5      | Noticed an orc warrior
   684 | D:5      | Found a shadowy altar of Dithmenos.
   685 | D:5      | Found a stormy altar of Qazlal.
   689 | D:5      | Became a worshipper of Dithmenos the Shadowed
   695 | D:5      | Noticed a necrophage
   707 | D:5      | Slain by a necrophage

Illustrated notes

Levels and vault maps discovered:
D:4:      cheibrodos_fertilizer, layout_basic, tso_oasis_becter,
          uniq_crazy_yiuf_cottage
D:5:      layout_basic, kiku_gazebo_garden_becter, jmf_multi_god_temple,
          water_boxes_lemuel

Skill      XL: |  1 |
---------------+----+-----
Long Blades    | 2 |  2.6
Fighting       | |  3.0
Dodging        | |  2.1
Stealth        | |  4.1

Action                   || total
-------------------------++-------
Melee: Falchion          ||    48
Armor: Leather armour    ||     3
Dodge: Dodged            ||    15
       Rpst.: Falchion   ||     5
